 Dungeon Crawl Stone Soup version 0.17.0-24-gcfadda4 (webtiles) character file.

3445 M4edhros the Covert (level 10, -3/87 HPs)
             Began as an Octopode Artificer on Nov 17, 2015.
             Was an Elder of Okawaru.
             Slain by an orc warrior
             ... wielding a +0 hand axe
              (17 damage)
             ... on level 8 of the Dungeon.
             The game lasted 00:15:06 (7845 turns).

M4edhros the Covert (Octopode Artificer)            Turns: 7845, Time: 00:15:06

Health: -3/87      AC:  6    Str: 15    XL:     10   Next: 5%
Magic:  17/17      EV: 12    Int: 12    God:    Okawaru [****..]
Gold:   459        SH:  7    Dex: 19    Spells: 0 memorised, 9 levels left

rFire  . . .     SeeInvis .     m - +4 trident (pierce)
rCold  . . .     Clarity  .     z - +0 shield
rNeg   . . .     SustAt   .     (helmet restricted)
rPois  .         Gourm    .     (no amulet)
rElec  .         Spirit   .     y - +5 ring of protection
rCorr  .         Warding  .     (no ring)
rMut   .         Stasis   .     (no ring)
MR     .....                    (no ring)
Stlth  ..........               (no ring)
                                (no ring)
                                (no ring)
                                (no ring)

@: berserking, very quick, not resistant to hostile enchantments, extremely
unstealthy
A: almost no armour, amphibious, 8 rings, constrict 8, camouflage 1, agile 1,
dopey 1, gelatinous body 1
a: Heroism, Renounce Religion


You were on level 8 of the Dungeon.
You worshipped Okawaru.
Okawaru was greatly pleased with you.
You were not hungry.

You visited 1 branch of the dungeon, and saw 8 of its levels.

You collected 459 gold pieces.

Inventory:

Hand Weapons
 a - a +0 short sword
 f - a +2 hunting sling
 h - a +1 whip of electrocution
 m - a +4 trident of piercing (weapon)
 s - a +3 quarterstaff of chaos
 B - the +4 scimitar of Ydaoluax {flame, rC+ Stlth+}
   (You found it on level 6 of the Dungeon)

   It has been specially enchanted to burn those struck by it, causing extra
   injury to most foes and up to half again as much damage against particularly
   susceptible opponents.
   Big, fiery blades are also staple armaments of hydra-hunters.
   It protects you from cold.
   It makes you more stealthy.
Missiles
 g - 13 poisoned sling bullets
 u - 88 sling bullets
Armour
 z - a +0 shield (worn)
Jewellery
 y - a +5 ring of protection (left tentacle)
Wands
 c - a wand of enslavement (13)
 d - a wand of random effects (2)
 F - a wand of magic darts (19)
Scrolls
 b - 3 scrolls of identify
 i - a scroll of noise
 j - 2 scrolls of recharging
 l - 3 scrolls of amnesia
 n - 2 scrolls of vulnerability
 o - a scroll of enchant armour
 q - 6 scrolls of teleportation
 t - a scroll of immolation
 v - 3 scrolls of remove curse
 A - a scroll of fear
 E - a scroll of magic mapping {unknown}
Potions
 r - a potion of degeneration
 w - a potion of curing
 C - a potion of haste {unknown}
 D - a potion of berserk rage
Comestibles
 e - 4 bread rations
 k - 4 meat rations
 p - 2 beef jerkies
 x - 2 royal jellies
 G - 2 chunks of flesh


   Skills:
 - Level 1.0 Fighting
 - Level 1.0 Short Blades
 * Level 4.2 Slings
 + Level 4.3 Dodging
 + Level 12.3 Stealth
 + Level 0.0 Shields
 - Level 10.3 Evocations


You had 9 spell levels left.
You didn't know any spells.

Dungeon Overview and Level Annotations

Branches:
Dungeon (8/15)             Temple (0/1) D:7
   Lair: D:8-11

Altars:
Cheibriados
Elyvilon
Gozag
Nemelex Xobeh
Okawaru
Qazlal
Ru
Sif Muna
Trog
Yredelemnul
Zin
The Shining One

Shops:
D:4 ?   D:8 }


Innate Abilities, Weirdness & Mutations

You cannot wear most types of armour.
You are amphibious.
You can wear up to eight rings at the same time.
You can use your tentacles to constrict eight enemies at once.
Your skin changes colour to match your surroundings (Stealth).
Your rubbery body absorbs attacks (AC +1).
You are agile. (Dex +2)
You are dopey. (Int -2)


Message History

Your grab misses the orc warrior. You squeeze the orc warrior!
The orc warrior is moderately wounded.
You block the orc warrior's attack.
The orc warrior hits you with a hand axe.
Drink which item? (? for menu, Esc to quit)
Okay, then.
Drink which item? (? for menu, Esc to quit)
A red film seems to cover your vision as you go berserk!
You feel yourself moving faster!
You feel mighty!
The orc warrior hits you with a hand axe!
* * * LOW HITPOINT WARNING * * *
You are too injured to fight recklessly!
You are too injured to fight recklessly!
You are too injured to fight recklessly!
You puncture the orc warrior! Your grab misses the orc warrior.
The orc warrior is moderately wounded.
The orc warrior hits you with a hand axe!
* * * LOW HITPOINT WARNING * * *
The orc warrior hits you with a hand axe!
You die...

...............
o..............#.##
..oo.>.....o...#...#
...o...........#...###
..............##.....####
#......##.........#
#.########...#.##.# #o##
##....#.##.#
#.@#####.....#.....
###.##....#.........
#.....รท##...####..#.
#)........### ##.)##
#.......### ###..)..
###....)# ##...###.
#..)### #..### ##
###...####.## ###<##...#


You could see an orc warrior (berserk).

Vanquished Creatures
  A hippogriff (D:4)
  Menkaure (D:4)
  An orc warrior (D:8)
  A sky beast (D:7)
  A phantom (D:6)
  4 ogres
  3 centaurs
  A big kobold (D:8)
  2 orc priests
  3 giant frogs
  3 gnoll sergeants
  A water moccasin zombie (D:8)
  3 scorpions
  A wyvern skeleton (D:6)
  An electric eel (D:6)
  8 wights (D:7)
  A centaur zombie (D:6)
  2 hounds
  A quasit (D:5)
  A centaur skeleton (D:4)
  5 crimson imps
  Crazy Yiuf (D:5)
  Ijyb (D:2)
  A giant frog skeleton (D:4)
  3 iguanas
  5 orc wizards
  6 worker ants
  A hound skeleton (D:4)
  10 adders
  4 river rats (D:4)
  17 gnolls
  An ooze (D:4)
  An adder skeleton (D:7)
  5 worms
  24 orcs
  2 giant cockroaches
  11 hobgoblins
  12 kobolds
  2 quokkas
  2 ball pythons
  7 bats
  2 giant cockroach zombies (D:5)
  2 giant geckos
  2 giant gecko skeletons
  5 giant newts
  7 goblins
  6 jackals
  A jackal skeleton (D:7)
  A quokka skeleton (D:5)
  2 rats (D:3)
  2 plants (D:4)
191 creatures vanquished.

Vanquished Creatures (collateral kills)
  2 orc priests (D:4)
2 creatures vanquished.

Vanquished Creatures (others)
  A gnoll (D:8)
  2 plants (D:4)
3 creatures vanquished.

Grand Total: 196 creatures vanquished

Notes
Turn   | Place    | Note
--------------------------------------------------------------
     0 | D:1      | M4edhros the Octopode Artificer began the quest for the Orb.
     0 | D:1      | Reached XP level 1. HP: 13/13 MP: 3/3
   120 | D:1      | Reached XP level 2. HP: 16/18 MP: 4/4
   504 | D:2      | Reached skill level 4 in Evocations
   511 | D:2      | Reached XP level 3. HP: 7/23 MP: 4/6
   549 | D:2      | Noticed Ijyb
   564 | D:2      | Killed Ijyb
   850 | D:3      | Reached XP level 4. HP: 28/28 MP: 7/7
  1242 | D:4      | Found an iron altar of Okawaru.
  1403 | D:5      | Entered Level 5 of the Dungeon
  1416 | D:5      | Reached skill level 5 in Evocations
  1416 | D:5      | Reached XP level 5. HP: 14/33 MP: 8/8
  1700 | D:5      | Reached skill level 5 in Stealth
  1853 | D:5      | Found a white marble altar of Elyvilon.
  1853 | D:5      | Found a stormy altar of Qazlal.
  1988 | D:5      | Noticed Crazy Yiuf
  1995 | D:5      | Killed Crazy Yiuf
  2074 | D:5      | Reached XP level 6. HP: 14/38 MP: 10/10
  2390 | D:5      | Reached skill level 6 in Stealth
  2450 | D:5      | Found a deep blue altar of Sif Muna.
  2458 | D:5      | Found a basalt altar of Yredelemnul.
  2579 | D:4      | Found a glowing silver altar of Zin.
  2618 | D:4      | Noticed an ogre
  2654 | D:4      | Reached skill level 7 in Stealth
  2654 | D:4      | Reached XP level 7. HP: 5/43 MP: 11/11
  2670 | D:4      | Became a worshipper of Warmaster Okawaru
  3661 | D:3      | Found a sparkling altar of Nemelex Xobeh.
  3877 | D:3      | Found a bloodstained altar of Trog.
  4210 | D:4      | Noticed a hippogriff
  4214 | D:4      | Found Erphuguo's Magic Scroll Shop.
  4227 | D:4      | Killed a hippogriff
  4227 | D:4      | Reached skill level 8 in Stealth
  4413 | D:4      | Reached * piety under Okawaru
  4558 | D:4      | Noticed an ogre
  4584 | D:4      | Killed an ogre
  4584 | D:4      | Reached XP level 8. HP: 48/48 MP: 13/13
  4661 | D:4      | Reached skill level 9 in Stealth
  4910 | D:4      | Found a glowing golden altar of the Shining One.
  5143 | D:4      | Noticed Menkaure
  5208 | D:4      | Killed Menkaure
  5208 | D:4      | Reached ** piety under Okawaru
  5237 | D:4      | Killed an ogre
  5404 | D:6      | Reached skill level 10 in Stealth
  5410 | D:6      | Got a polished scimitar
  5411 | D:6      | Identified the +4 scimitar of Ydaoluax {flame, rC+ Stlth+} (You found it on level 6 of the Dungeon)
  5694 | D:6      | Reached XP level 9. HP: 26/53 MP: 14/16
  5943 | D:6      | Reached skill level 11 in Stealth
  6117 | D:7      | Reached skill level 1 in Slings
  6129 | D:7      | Reached *** piety under Okawaru
  6401 | D:7      | Found an opulent altar of Gozag.
  6824 | D:7      | Found a staircase to the Ecumenical Temple.
  6927 | D:7      | Gained mutation: You are agile. (Dex +2) [mutagenic meat]
  6928 | D:7      | Gained mutation: You are dopey. (Int -2) [mutagenic meat]
  7033 | D:8      | Found Ulessoh's Gadget Boutique.
  7166 | D:8      | Reached skill level 10 in Evocations
  7425 | D:8      | Found a snail-covered altar of Cheibriados.
  7501 | D:8      | Reached skill level 12 in Stealth
  7523 | D:8      | Found a sacrificial altar of Ru.
  7671 | D:8      | Reached **** piety under Okawaru
  7674 | D:8      | Reached XP level 10. HP: 42/58 MP: 17/17
  7845 | D:8      | Slain by an orc warrior

Action                   |  1- 3 |  4- 6 |  7- 9 | 10-12 || total
-------------------------+-------+-------+-------+-------++-------
Melee: Short sword       |    39 |    74 |     6 |       ||   119
       Quarterstaff      |       |    29 |    82 |       ||   111
       Whip              |       |       |    31 |       ||    31
       Scimitar          |       |       |   129 |       ||   129
       Trident           |       |       |     9 |    19 ||    28
 Fire: Hunting sling     |       |       |     4 |       ||     4
Evoke: Wand              |     5 |     3 |    21 |     1 ||    30
  Use: Potion            |       |     3 |     9 |     2 ||    14
       Scroll            |       |       |    15 |       ||    15
 Stab: Sleeping          |     9 |     6 |    34 |       ||    49
       Confused          |       |       |     2 |       ||     2
       Paralysed         |       |       |     1 |       ||     1
  Eat: Meat ration       |       |     1 |     1 |       ||     2
       Chunk             |       |       |    13 |     1 ||    14
